TOP OF THE 1ST |
Santa Clarita Music batting - Pitching for Hartford Darth Whalers : RHP António Gómez
|
Pitching: RHP António Gómez
|
|
Batting: RHB Roberto García
|
0-0: Ball 1-0: Bunt for hit - play at first, batter OUT! 1-3
|
Batting: RHB Júlio Mateo
|
0-0: Called Strike 0-1: Called Strike 0-2: Ball 1-2: Foul Ball, location: 2F 1-2: Strikes out swinging
|
Batting: LHB Daryl Thomas
|
0-0: Ball 1-0: Foul Ball, location: 2F 1-1: Ball 2-1: Swinging Strike 2-2: Ball 3-2: Foul Ball, location: 2F 3-2: Fly out, F9 (Line Drive, 9LD)
|
Top of the 1st over - 0 runs, 0 hits, 0 errors, 0 left on base; Santa Clarita 0 - Hartford 0 |
BOTTOM OF THE 1ST |
Hartford Darth Whalers batting - Pitching for Santa Clarita Music : RHP Don Anderson
|
Pitching: RHP Don Anderson
|
|
Batting: SHB Will O'Clerkin
|
0-0: Called Strike 0-1: Ball 1-1: Ball 2-1: Ground out 5-3 (Groundball, 56)
|
Batting: RHB Fernando Núñez
|
0-0: Called Strike 0-1: SINGLE (Line Drive, 7LS)
|
Batting: LHB Alejandro Gómez
|
0-0: Ball 1-0: Swinging Strike 1-1: Ball Wild Pitch! Fernando Núñez to second 2-1: Foul Ball, location: 2F 2-2: Ball 3-2: Foul Ball, location: 2F 3-2: Base on Balls
|
Batting: LHB Edgar Cameron
|
0-0: Ball Fernando Núñez is caught stealing 3rd base 1-0: Ball 2-0: Ball 3-0: Base on Balls Alejandro Gómez to second
|
Batting: LHB Todd Gilliam
|
0-0: Ball 1-0: Foul Ball, location: 2F 1-1: Called Strike 1-2: Foul Ball, location: 2F 1-2: Ball 2-2: Ball 3-2: Base on Balls Alejandro Gómez to third Edgar Cameron to second
|
Batting: LHB Timothy Pierce
|
0-0: Ball 1-0: Called Strike 1-1: Ball 2-1: Swinging Strike 2-2: Fly out, F9 (Flyball, 9S)
|
Bottom of the 1st over - 0 runs, 1 hit, 0 errors, 3 left on base; Santa Clarita 0 - Hartford 0 |
TOP OF THE 2ND |
Santa Clarita Music batting - Pitching for Hartford Darth Whalers : RHP António Gómez
|
Batting: RHB Jeff Peterson
|
0-0: Called Strike 0-1: Ball 1-1: Called Strike 1-2: Fly out, F8 (Flyball, 8LD)
|
Batting: LHB Federico Medina
|
0-0: Ball 1-0: Called Strike 1-1: Called Strike 1-2: Ball 2-2: Ball 3-2: Base on Balls
|
Batting: RHB Leroy Bates
|
0-0: Ball 1-0: Ball 2-0: Ball 3-0: Called Strike 3-1: Base on Balls Federico Medina to second
|
Batting: RHB Geoffrey Bishop
|
0-0: Called Strike 0-1: SINGLE (Line Drive, 89S) Federico Medina to third Leroy Bates to second Runner from 3rd tries for Home, SAFE, no throw
|
Batting: RHB Francisco Candelária
|
0-0: Ball 1-0: Called Strike 1-1: Foul Ball, location: 2F 1-2: Grounds into double play, 4-6-3 (Groundball, 4)
|
Top of the 2nd over - 1 run, 1 hit, 0 errors, 1 left on base; Santa Clarita 1 - Hartford 0 |
BOTTOM OF THE 2ND |
Hartford Darth Whalers batting - Pitching for Santa Clarita Music : RHP Don Anderson
|
Batting: RHB Ryan Thrippleton
|
0-0: Foul Ball, location: 2F 0-1: SINGLE (Line Drive, 89S)
|
Batting: RHB Jeff Allen
|
0-0: Ball 1-0: Fly out, F8 (Flyball, 78M)
|
Batting: RHB Vincent Lowe
|
0-0: Called Strike 0-1: Foul Ball, location: 2F 0-2: Foul Ball, location: 2F 0-2: Strikes out looking
|
Batting: SHB Will O'Clerkin
|
0-0: Called Strike 0-1: Ball 1-1: Foul Ball, location: 2F 1-2: Ball 2-2: SINGLE (Groundball, 56D) Ryan Thrippleton to second Ryan Thrippleton to third
|
Batting: RHB Fernando Núñez
|
0-0: Called Strike 0-1: Ball 1-1: Called Strike Will O'Clerkin is caught stealing 2nd base
|
Bottom of the 2nd over - 0 runs, 2 hits, 0 errors, 1 left on base; Santa Clarita 1 - Hartford 0 |
TOP OF THE 3RD |
Santa Clarita Music batting - Pitching for Hartford Darth Whalers : RHP António Gómez
|
Batting: SHB Matthew Hughes
|
0-0: Ball 1-0: Swinging Strike 1-1: Ball 2-1: Foul Ball, location: 2F 2-2: Ball 3-2: Fly out, F8 (Flyball, 8LD)
|
Batting: RHB Roberto García
|
0-0: Ball 1-0: Swinging Strike 1-1: Foul Ball, location: 2F 1-2: Ball 2-2: Strikes out looking
|
Batting: RHB Júlio Mateo
|
0-0: Ball 1-0: Called Strike 1-1: Ball 2-1: Foul Ball, location: 2F 2-2: Strikes out swinging
|
Top of the 3rd over - 0 runs, 0 hits, 0 errors, 0 left on base; Santa Clarita 1 - Hartford 0 |
BOTTOM OF THE 3RD |
Hartford Darth Whalers batting - Pitching for Santa Clarita Music : RHP Don Anderson
|
Batting: RHB Fernando Núñez
|
0-0: Ball 1-0: Fly out, F3 (Line Drive, 3S)
|
Batting: LHB Alejandro Gómez
|
0-0: Ball 1-0: Ball 2-0: Ball 3-0: Called Strike 3-1: SINGLE (Line Drive, 9S)
|
Batting: LHB Edgar Cameron
|
0-0: Ball 1-0: Called Strike 1-1: Called Strike 1-2: Ground out 6-3 (Groundball, 56D) Alejandro Gómez to second
|
Batting: LHB Todd Gilliam
|
0-0: Ball 1-0: Ball 2-0: Called Strike 2-1: Foul Ball, location: 2F 2-2: Ball 3-2: Foul Ball, location: 2F 3-2: Fly out, F3 (Line Drive, 3L)
|
Bottom of the 3rd over - 0 runs, 1 hit, 0 errors, 1 left on base; Santa Clarita 1 - Hartford 0 |
TOP OF THE 4TH |
Santa Clarita Music batting - Pitching for Hartford Darth Whalers : RHP António Gómez
|
Batting: LHB Daryl Thomas
|
0-0: Ball 1-0: Called Strike 1-1: Foul Ball, location: 2F 1-2: Strikes out swinging
|
Batting: RHB Jeff Peterson
|
0-0: Called Strike 0-1: DOUBLE (Line Drive, 9D)
|
Batting: LHB Federico Medina
|
0-0: Fly out, F5 (Line Drive, 56)
|
Batting: RHB Leroy Bates
|
0-0: Called Strike 0-1: Called Strike 0-2: Foul Ball, location: 2F 0-2: Strikes out swinging
|
Top of the 4th over - 0 runs, 1 hit, 0 errors, 1 left on base; Santa Clarita 1 - Hartford 0 |
BOTTOM OF THE 4TH |
Hartford Darth Whalers batting - Pitching for Santa Clarita Music : RHP Don Anderson
|
Batting: LHB Timothy Pierce
|
0-0: Fly out, F8 (Flyball, 8RM)
|
Batting: RHB Ryan Thrippleton
|
0-0: Ball 1-0: Called Strike 1-1: Swinging Strike 1-2: Ball 2-2: Ball 3-2: Strikes out looking
|
Batting: RHB Jeff Allen
|
0-0: Ball 1-0: Swinging Strike 1-1: Foul Ball, location: 2F 1-2: Ball 2-2: Foul Ball, location: 2F 2-2: Strikes out looking
|
Bottom of the 4th over - 0 runs, 0 hits, 0 errors, 0 left on base; Santa Clarita 1 - Hartford 0 |
TOP OF THE 5TH |
Santa Clarita Music batting - Pitching for Hartford Darth Whalers : RHP António Gómez
|
Batting: RHB Geoffrey Bishop
|
0-0: SINGLE (Flyball, 9LS)
|
Batting: RHB Francisco Candelária
|
0-0: Ball 1-0: Ball 2-0: Foul Ball, location: 2F 2-1: Swinging Strike 2-2: Foul Ball, location: 2F 2-2: Ball Geoffrey Bishop steals 2nd base 3-2: Foul Ball, location: 2F 3-2: Strikes out swinging
|
Batting: SHB Matthew Hughes
|
0-0: Ball 1-0: Ball 2-0: Ball 3-0: Base on Balls
|
Batting: RHB Roberto García
|
0-0: Ball 1-0: Called Strike 1-1: SINGLE (Flyball, 7LS) Geoffrey Bishop to third Matthew Hughes to second Runner from 3rd tries for Home, SAFE, no throw
|
Batting: RHB Júlio Mateo
|
0-0: Fielders Choice at 2nd, 5-4 (Groundball, 56) Matthew Hughes to third
|
Batting: LHB Daryl Thomas
|
0-0: Ball 1-0: SINGLE (Flyball, 56D) Matthew Hughes scores Júlio Mateo to second
|
Batting: RHB Jeff Peterson
|
0-0: Called Strike 0-1: Ball 1-1: Fielders Choice at 2nd, 5-4 (Groundball, 56)
|
Top of the 5th over - 2 runs, 3 hits, 0 errors, 2 left on base; Santa Clarita 3 - Hartford 0 |
BOTTOM OF THE 5TH |
Hartford Darth Whalers batting - Pitching for Santa Clarita Music : RHP Don Anderson
|
Now in CF: Lorenzo Camacho
|
|
Batting: RHB Vincent Lowe
|
0-0: Fly out, F8 (Flyball, 8RD)
|
Batting: SHB Will O'Clerkin
|
0-0: Called Strike 0-1: Ball 1-1: Ground out 6-3 (Groundball, 6MS)
|
Batting: RHB Fernando Núñez
|
0-0: Called Strike 0-1: Called Strike 0-2: Ball 1-2: Hit by Pitch
|
Batting: LHB Alejandro Gómez
|
0-0: Fielders Choice at 2nd, 5-4 (Groundball, 56)
|
Bottom of the 5th over - 0 runs, 0 hits, 0 errors, 1 left on base; Santa Clarita 3 - Hartford 0 |
TOP OF THE 6TH |
Santa Clarita Music batting - Pitching for Hartford Darth Whalers : RHP António Gómez
|
Batting: LHB Federico Medina
|
0-0: Swinging Strike 0-1: Fly out, F9 (Flyball, 9LM)
|
Batting: RHB Leroy Bates
|
0-0: Swinging Strike 0-1: SINGLE (Flyball, 7LM)
|
Batting: RHB Geoffrey Bishop
|
0-0: Swinging Strike 0-1: Ball 1-1: SINGLE (Groundball, 2R) (infield hit) Leroy Bates to second
|
Batting: RHB Francisco Candelária
|
0-0: Ball 1-0: Fly out, F7 (Flyball, 78D)
|
Batting: SHB Matthew Hughes
|
0-0: DOUBLE (Flyball, 7LM) Leroy Bates scores Geoffrey Bishop to third Runner from 3rd tries for Home, SAFE, no throw
|
Batting: RHB Lorenzo Camacho
|
0-0: Fly out, F7 (Flyball, 78XD)
|
Top of the 6th over - 2 runs, 3 hits, 0 errors, 1 left on base; Santa Clarita 5 - Hartford 0 |
BOTTOM OF THE 6TH |
Hartford Darth Whalers batting - Pitching for Santa Clarita Music : RHP Don Anderson
|
Batting: LHB Edgar Cameron
|
0-0: Called Strike 0-1: Called Strike 0-2: Fly out, F5 (Popup, 56S)
|
Batting: LHB Todd Gilliam
|
0-0: Foul Ball, location: 2F 0-1: Ball 1-1: Fly out, F7 (Flyball, 7LMF)
|
Batting: LHB Timothy Pierce
|
0-0: Ball 1-0: Foul Ball, location: 2F 1-1: Ball 2-1: Foul Ball, location: 2F 2-2: Ground out U3 (Groundball, 3)
|
Bottom of the 6th over - 0 runs, 0 hits, 0 errors, 0 left on base; Santa Clarita 5 - Hartford 0 |
TOP OF THE 7TH |
Santa Clarita Music batting - Pitching for Hartford Darth Whalers : RHP António Gómez
|
Pitching: LHP Juan Juárez
|
|
Batting: RHB Júlio Mateo
|
0-0: Called Strike 0-1: Ball 1-1: Fly out, F8 (Flyball, 8LS)
|
Batting: LHB Daryl Thomas
|
0-0: Called Strike 0-1: Foul Ball, location: 2F 0-2: Ball 1-2: Fly out, F9 (Flyball, 9LSF)
|
Batting: RHB Jeff Peterson
|
0-0: Called Strike 0-1: Ball 1-1: Swinging Strike 1-2: Strikes out swinging
|
Top of the 7th over - 0 runs, 0 hits, 0 errors, 0 left on base; Santa Clarita 5 - Hartford 0 |
BOTTOM OF THE 7TH |
Hartford Darth Whalers batting - Pitching for Santa Clarita Music : RHP Don Anderson
|
Batting: RHB Ryan Thrippleton
|
0-0: Ball 1-0: Called Strike 1-1: Ball 2-1: Called Strike 2-2: Strikes out swinging
|
Batting: RHB Jeff Allen
|
0-0: Called Strike 0-1: Ball 1-1: Ball 2-1: Foul Ball, location: 2F 2-2: Ball 3-2: Foul Ball, location: 2F 3-2: SOLO HOME RUN (Flyball, 7D), Distance : 398 ft
|
Pitching: RHP Júlio Cruz
|
|
Batting: RHB Vincent Lowe
|
0-0: Ground out 1-3 (Groundball, P)
|
Batting: SHB Will O'Clerkin
|
0-0: Ball 1-0: Called Strike 1-1: Swinging Strike 1-2: Strikes out swinging
|
Bottom of the 7th over - 1 run, 1 hit, 0 errors, 0 left on base; Santa Clarita 5 - Hartford 1 |
TOP OF THE 8TH |
Santa Clarita Music batting - Pitching for Hartford Darth Whalers : LHP Juan Juárez
|
Batting: LHB Federico Medina
|
0-0: Ball 1-0: Ball 2-0: Foul Ball, location: 2F 2-1: Foul Ball, location: 2F 2-2: SINGLE (Flyball, 8LS)
|
Batting: RHB Leroy Bates
|
0-0: Foul Ball, location: 2F 0-1: Ball 1-1: Ball 2-1: Ground out 5-3 (Groundball, 56S) Federico Medina to second
|
Batting: RHB Geoffrey Bishop
|
0-0: Swinging Strike 0-1: Ball 1-1: Foul Ball, location: 2F 1-2: Foul Ball, location: 2F 1-2: Strikes out swinging
|
Batting: RHB Francisco Candelária
|
0-0: Fly out, F6 (Popup, 6M)
|
Top of the 8th over - 0 runs, 1 hit, 0 errors, 1 left on base; Santa Clarita 5 - Hartford 1 |
BOTTOM OF THE 8TH |
Hartford Darth Whalers batting - Pitching for Santa Clarita Music : RHP Júlio Cruz
|
Batting: RHB Fernando Núñez
|
0-0: Foul Ball, location: 2F 0-1: Foul Ball, location: 2F 0-2: Ball 1-2: Ball 2-2: Ball 3-2: Fly out, F8 (Flyball, 8RS)
|
Batting: LHB Alejandro Gómez
|
0-0: Called Strike 0-1: Ball 1-1: Ball 2-1: Called Strike 2-2: Foul Ball, location: 2F 2-2: Foul Ball, location: 2F 2-2: Ground out 1-3 (Groundball, 13)
|
Batting: LHB Edgar Cameron
|
0-0: Fly out, F8 (Line Drive, 78M)
|
Bottom of the 8th over - 0 runs, 0 hits, 0 errors, 0 left on base; Santa Clarita 5 - Hartford 1 |
TOP OF THE 9TH |
Santa Clarita Music batting - Pitching for Hartford Darth Whalers : LHP Juan Juárez
|
Batting: SHB Matthew Hughes
|
0-0: Ball 1-0: Ball 2-0: Called Strike 2-1: Ball 3-1: Swinging Strike 3-2: Strikes out swinging
|
Batting: RHB Lorenzo Camacho
|
0-0: Ball 1-0: Foul Ball, location: 2F 1-1: Ball 2-1: Ball 3-1: Foul Ball, location: 2F 3-2: Base on Balls
|
Batting: RHB Júlio Mateo
|
0-0: Foul Ball, location: 2F 0-1: Swinging Strike 0-2: Foul Ball, location: 2F 0-2: Ball 1-2: Fielders Choice at 2nd, 6-4 (Groundball, 56)
|
Batting: LHB Daryl Thomas
|
0-0: Ball 1-0: Ball 2-0: Foul Ball, location: 2F 2-1: Foul Ball, location: 2F 2-2: Strikes out swinging
|
Top of the 9th over - 0 runs, 0 hits, 0 errors, 1 left on base; Santa Clarita 5 - Hartford 1 |
BOTTOM OF THE 9TH |
Hartford Darth Whalers batting - Pitching for Santa Clarita Music : RHP Júlio Cruz
|
Batting: LHB Todd Gilliam
|
0-0: Ball 1-0: Foul Ball, location: 2F 1-1: Foul Ball, location: 2F 1-2: Ball 2-2: Foul Ball, location: 2F 2-2: Foul Ball, location: 2F 2-2: Foul Ball, location: 2F 2-2: Foul Ball, location: 2F 2-2: SOLO HOME RUN (Flyball, 9LD), Distance : 352 ft
|
Batting: LHB Timothy Pierce
|
0-0: Ball 1-0: Ball 2-0: SINGLE (Flyball, 89M)
|
Batting: RHB Ryan Thrippleton
|
0-0: Ball 1-0: SINGLE (Groundball, 56D) Timothy Pierce to second
|
Pinch Hitting: LHB Ryan Billman
|
0-0: Ball 1-0: Foul Ball, location: 2F 1-1: Foul Ball, location: 2F 1-2: Ball 2-2: Ball 3-2: TRIPLE (Flyball, 89XD) Timothy Pierce scores Ryan Thrippleton scores
|
Pitching: RHP Emmett Arbuckle
|
|
Pinch Hitting: RHB Gilbert Nava
|
0-0: Ball 1-0: Foul Ball, location: 2F 1-1: Fly out, F9 (Flyball, 9S) Runner from 3rd tags up, SCORES, throw made
|
Batting: SHB Will O'Clerkin
|
0-0: Fly out, F9 (Flyball, 9LS)
|
Batting: RHB Fernando Núñez
|
0-0: Ball 1-0: Foul Ball, location: 2F 1-1: Foul Ball, location: 2F 1-2: Strikes out swinging
|
Bottom of the 9th over - 4 runs, 4 hits, 0 errors, 0 left on base; Santa Clarita 5 - Hartford 5 |
TOP OF THE 10TH |
Santa Clarita Music batting - Pitching for Hartford Darth Whalers : LHP Juan Juárez
|
Pitching: RHP John O'Neill
|
|
Now at SS: Ryan Billman
|
|
Now in RF: Ramón Santos
|
|
Batting: RHB Jeff Peterson
|
0-0: Foul Ball, location: 2F 0-1: Ball 1-1: Reached via error on a dropped throw, E3
|
Batting: LHB Federico Medina
|
0-0: Called Strike 0-1: Ball 1-1: Called Strike 1-2: Foul Ball, location: 2F 1-2: Fly out, F9 (Flyball, 9LSF)
|
Batting: RHB Leroy Bates
|
0-0: Fly out, F7 (Flyball, 7LS)
|
Batting: RHB Geoffrey Bishop
|
0-0: Ball 1-0: SINGLE (Line Drive, 4) Jeff Peterson to second Runner from 2nd tries for 3rd, SAFE, no throw
|
Pinch Hitting: RHB Bill Ménard
|
0-0: Foul Ball, location: 2F 0-1: Ball 1-1: Foul Ball, location: 2F 1-2: Strikes out swinging wild pitch, reaches first! Jeff Peterson scores Geoffrey Bishop to second
|
Pinch Hitting: RHB Miguel Márquez
|
0-0: Swinging Strike 0-1: Swinging Strike 0-2: Foul Ball, location: 2F 0-2: Ball 1-2: Strikes out looking
|
Top of the 10th over - 1 run, 1 hit, 1 error, 2 left on base; Santa Clarita 6 - Hartford 5 |
BOTTOM OF THE 10TH |
Hartford Darth Whalers batting - Pitching for Santa Clarita Music : RHP Emmett Arbuckle
|
Now at 2B: Juan Martínez
|
|
Now at 3B: Mark Lester
|
|
Now at SS: Ryan Cook
|
|
Now in RF: Pablo Tobías
|
|
Batting: LHB Alejandro Gómez
|
0-0: Ball 1-0: Ball 2-0: Ball 3-0: Called Strike 3-1: Foul Ball, location: 2F 3-2: Foul Ball, location: 2F 3-2: Base on Balls
|
Batting: LHB Edgar Cameron
|
0-0: Ball 1-0: Ball 2-0: Ball 3-0: Base on Balls Alejandro Gómez to second
|
Pinch Runner at 2nd Reginald Stokes:
|
|
Batting: LHB Todd Gilliam
|
0-0: Called Strike 0-1: Foul Ball, location: 2F 0-2: Ball 1-2: Strikes out swinging
|
Batting: LHB Timothy Pierce
|
0-0: Called Strike 0-1: Called Strike 0-2: Ball 1-2: Ball 2-2: Ball 3-2: Foul Ball, location: 2F 3-2: Foul Ball, location: 2F 3-2: Foul Ball, location: 2F 3-2: Foul Ball, location: 2F 3-2: Base on Balls Reginald Stokes to third Edgar Cameron to second
|
Batting: RHB Ryan Thrippleton
|
0-0: Called Strike 0-1: Ball 1-1: Foul Ball, location: 2F 1-2: Ball 2-2: Ball 3-2: Grounds into fielders choice 4-2 (Groundball, 4MS) Edgar Cameron to third Timothy Pierce to second
|
Batting: LHB Ryan Billman
|
0-0: SINGLE (Groundball, 4MD) Edgar Cameron scores Timothy Pierce to third Ryan Thrippleton to second Runner from 3rd tries for Home, SAFE, throw made home
|
Saturday, April 7th, 2018 - OOTP Baseball 18.8 Build 76
|
|